Unix NetHack Version 5.0.0-0 post-release - last build May  4 2026 22:22:43 (774f63e81ad911689b3a0859ea89b322d5daca8d,branch:main).

Game began 2026-05-08 10:15:09, ended 2026-05-08 10:56:45.

01246791210, neutral male human Barbarian

                                                                 -----------
                                                                 |.........|
                                                 ##))#)#)########-.......<.|
                                                              ###|.........|
                                                                 |.........|
                                                                #-.........|
                                                                #-----------
                                                            `#@o#
                                                            #

01246791210 the Bandit     St:18/02 Dx:18 Co:16 In:8 Wi:8 Ch:6  Neutral
Dlvl:8  $:143 HP:0(56) Pw:12(12) AC:8  Xp:6 T:3416 

Latest messages:
 The Uruk-hai hits!
 You smite the Uruk-hai!
 You kill the Uruk-hai!
 You smite the dust vortex.
 The dust vortex engulfs you!
 You can't see in here!
 You get expelled!
 You try to feel what is lying here on the ground.
 $ - 24 gold pieces (143 in total).
 You have a little trouble lifting an orcish bow.  Continue? [ynq] (q) n
 You have a little trouble lifting an Uruk-hai shield.  Continue? [ynq] (q) n
 H - an orcish cloak.
 It engulfs you!
 You smite the dust vortex.
 You smite the dust vortex.
 You destroy the dust vortex!
 You try to feel what is lying here on the ground.
 Welcome to experience level 6.
 You have a little trouble lifting an orcish bow.  Continue? [ynq] (q) n
 You have a little trouble lifting an Uruk-hai shield.  Continue? [ynq] (q) n
 It hits!
 It hits!
 You can see again.
 With great effort you move the boulder.
 You try to move the boulder, but in vain.
 You try to move the boulder, but in vain.
 You try to move the boulder, but in vain.
 You try to move the boulder, but in vain.
 You try to move the boulder, but in vain.
 You try to move the boulder, but in vain.
 You try to move the boulder, but in vain.
 You try to move the boulder, but in vain.
 You try to move the boulder, but in vain.
 You try to move the boulder, but in vain.
 You try to move the boulder, but in vain.
 You try to move the boulder, but in vain.
 You try to move the boulder, but in vain.
 You try to move the boulder, but in vain.
 You try to move the boulder, but in vain.
 You try to move the boulder, but in vain.
 You smite the Uruk-hai!
 You smite the Uruk-hai!
 The Uruk-hai thrusts her orcish short sword.
 The Uruk-hai hits!
 You die...
 Do you want your possessions identified? [ynq] (y) n
 Do you want to see your attributes? [ynq] (y) n
 Do you want an account of creatures vanquished? [ynaq] (y) n
 Do you want to see your conduct and achievements? [ynq] (y) n
 Do you want to see the dungeon overview? [ynq] (y) n

Inventory:
 Coins    ('$')
  $ - 143 gold pieces
 Weapons  (')')
  w - 6 +1 darts
  p - 20 +0 darts
  l - 2 +0 daggers
  g - a +0 orcish dagger
  b - a +0 axe (weapon in right hand)
  a - a rusty +0 two-handed sword (alternate weapon; not wielded)
 Armor    ('[')
  h - an uncursed +0 orcish helm
  t - a cursed -1 pair of gauntlets of dexterity
  m - an uncursed +0 dwarvish cloak
  B - an uncursed +0 dwarvish cloak
  H - an uncursed +0 orcish cloak
  e - an uncursed +0 ring mail
  c - an uncursed rusty +0 ring mail (being worn)
 Comestibles  ('%')
  C - an uncursed carrot
  n - an uncursed partly eaten pancake
  A - an uncursed lichen corpse
 Scrolls  ('?')
  s - an uncursed scroll of gold detection
  q - a blessed scroll of identify
  o - an uncursed scroll of light
 Rings    ('=')
  G - an uncursed ring of cold resistance
  f - an uncursed ring of polymorph control
 Tools    ('(')
  z - an uncursed lock pick
  F - an uncursed skeleton key
  x - a cursed skeleton key
 Gems/Stones  ('*')
  v - 2 cursed worthless pieces of yellow glass
  y - 2 uncursed rocks

01246791210 the Barbarian's attributes:

Background:
 You were a Bandit, a level 6 male human Barbarian.
 You were neutral, nominally on a mission for Crom
 who was opposed by Mitra (lawful) and Set (chaotic).
 You were right-handed.
 You were in the Dungeons of Doom, on level 8.
 You entered the dungeon 3416 turns ago.
 You had 343 experience points, 297 more were needed to attain level 7.

Basics:
 You had 0 out of 56 hit points.
 You had all 12 energy points (spell power).
 Your armor class was 8.
 Your wallet contained 143 zorkmids.
 Autopickup was off.

Final Characteristics:
 Your strength was 18/02 (limit:18/100).
 Your dexterity was 18 (limit:18).
 Your constitution was 16 (limit:18).
 Your intelligence was 8 (limit:18).
 Your wisdom was 8 (limit:18).
 Your charisma was 6 (limit:18).

Final Status:
 You weren't hungry.
 You were unencumbered.
 You were wielding an axe.
 You had basic skill with axe.

Final Attributes:
 You were piously aligned.
 You were poison resistant.
 You were warded.
 You are dead.

Miscellaneous:
 You encountered 1 bones level.
 Total elapsed playing time was 41 minutes and 35 seconds.

Major events:
 Turn
    1: 01246791210 the neutral male human Barbarian entered the dungeon
  960: attained the rank of Pillager (level 3)
 3386: attained the rank of Bandit (level 6)
 3416: killed by an Uruk-hai

You didn't know any spells.

Skills:
 Fighting Skills
   bare handed combat [Basic]
   two weapon combat  [Unskilled]
   riding             [Unskilled]
 Weapon Skills
   dagger             [Unskilled]
   axe                [Basic]
   pick-axe           [Unskilled]
   short sword        [Unskilled]
   broadsword         [Unskilled]
   long sword         [Unskilled]
   two-handed sword   [Basic]
   saber              [Unskilled]
   club               [Unskilled]
   mace               [Unskilled]
   morning star       [Unskilled]
   flail              [Unskilled]
   hammer             [Unskilled]
   quarterstaff       [Unskilled]
   spear              [Unskilled]
   trident            [Unskilled]
   bow                [Unskilled]
 Spellcasting Skills
   attack spells      [Unskilled]
   escape spells      [Unskilled]

Voluntary challenges:
 Character rerolling was not enabled.
 You were an atheist.
 You were illiterate.
 You never genocided any monsters.
 You never polymorphed an object.
 You never changed form.
 You used no wishes.
Achievements:
 You attained the rank of Pillager.
 You entered a shop.
 You attained the rank of Bandit.

 The Dungeons of Doom: levels 1 to 8
    Level 1:
       A fountain, a grave.
    Level 2:
       A wand shop, some fountains.
    Level 3:
       A fountain.
    Level 4:
       A general store, a fountain.
    Level 5:
       An altar to Crom, a grave.
       Final resting place for
          Drastanta-Wiz-Elf-Mal-Cha, killed by falling down a mine shaft.
    Level 6:
    Level 7:
    Level 8: <- You were here.
       Final resting place for
          you, killed by an Uruk-hai.


Vanquished creatures:
  a dingo
  a dust vortex
  a human zombie
  2 Uruk-hai
  2 rock moles
  a shrieker
  a gnomish wizard
  a gray ooze
 an elf zombie
  a little dog
  a floating eye
  a rothe
  a rabid rat
  2 giant bats
  a dwarf zombie
  2 iguanas
  2 hobbits
  a large kobold
  2 hobgoblins
  2 gnomes
  a gnome zombie
  3 geckos
  2 jackals
  a fox
  2 kobolds
  2 goblins
  2 sewer rats
  4 grid bugs
  5 lichens
  2 newts
51 creatures vanquished.

No species were genocided or became extinct.

Game over:
                       ----------
                      /          \
                     /    REST    \
                    /      IN      \
                   /     PEACE      \
                  /                  \
                  |   01246791210    |
                  |      143 Au      |
                  |   killed by an   |
                  |     Uruk-hai     |
                  |                  |
                  |                  |
                  |       2026       |
                 *|     *  *  *      | *
        _________)/\\_//(\/(/\)/\//\/|_)_______

Goodbye 01246791210 the Barbarian...

You died in The Dungeons of Doom on dungeon level 8 with 1851 points,
and 143 pieces of gold, after 3416 moves.
You were level 6 with a maximum of 56 hit points when you died.

